 Dungeon Crawl Stone Soup version 0.31-a0-810-ga77100ea1a (webtiles) character file.

Game seed: 12902928256617277208

258 SmokeWeed the Magician (level 5, 0/24 HPs)
             Began as a Spriggan Conjurer on Sept 21, 2023.
             Was an Initiate of Dithmenos.
             Slain by a hound (4 damage)
             ... on level 7 of the Dungeon on Sept 22, 2023.
             The game lasted 00:14:14 (4522 turns).

SmokeWeed the Magician (Spriggan Conjurer)          Turns: 4522, Time: 00:14:16

Health: 0/24       AC:  4    Str:  5    XL:     5   Next: 94%
Magic:  6/13       EV: 18    Int: 19    God:    Dithmenos [......]
Gold:   192        SH:  0    Dex: 18    Spells: 8/14 levels left

rFire   x . .        u - +2 falchion (heavy)
rCold   . . .        (no shield)
rNeg    . . .        p - +2 robe of the Good {rF- rCorr Dex+4 SInv}
rPois   .            (helmet restricted)
rElec   .            (no cloak)
rCorr   +            (gloves unavailable)
SInv    +            (boots unavailable)
Will    .....        (no amulet)
Stlth   +++          (no ring)
HPRegen 0.24/turn    (no ring)
MPRegen 0.13/turn

%: no passive effects
@: very quick
A: very small, no large weapons, unfitting armour, see invisible, speed 3
a: Renounce Religion


You were on level 7 of the Dungeon.
You worshipped Dithmenos.
Dithmenos was noncommittal.
You visited 2 branches of the dungeon, and saw 8 of its levels.

You collected 192 gold pieces.

Inventory:

Hand Weapons
 c - a +0 dagger
 e - a +0 short sword
 u - a +2 heavy falchion (weapon)
Missiles
 r - 5 poisoned darts
Armour
 a - a +0 robe
 p - the +2 robe of the Good (worn) {rF- rCorr Dex+4 SInv}
   (You took it off a kobold on level 3 of the Dungeon)

   Dex+4:     It affects your dexterity (+4).
   rF-:       It makes you vulnerable to fire.
   SInv:      It lets you see invisible.
   rCorr:     It protects you from acid and corrosion.
Scrolls
 g - 6 scrolls of identify {unknown}
 h - a scroll of immolation {unknown}
 i - a scroll of enchant armour {unknown}
 j - a scroll of fog {unknown}
 k - a scroll of brand weapon {unknown}
 m - a scroll of poison {unknown}
 n - 2 scrolls of noise {unknown}
 o - 2 scrolls of blinking {unknown}
Potions
 b - a potion of magic
 d - a potion of heal wounds {unknown}
 f - a potion of enlightenment {unknown}
 l - 2 potions of brilliance {unknown}
 q - a potion of lignification {unknown}
 s - a potion of curing {unknown}
 t - a potion of mutation {unknown}


   Skills:
 + Level 0.1 Fighting
 + Level 3.5 Dodging
 + Level 3.7 Stealth
 + Level 5.1 Spellcasting
 + Level 4.2 Conjurations


You had 8 spell levels left.
You knew the following spells:

 Your Spells              Type           Power      Damage    Failure   Level
a - Magic Dart            Conj           84%        1d7       1%          1
b - Searing Ray           Conj           42%        2d6       3%          2
c - Dazzling Flash        Conj/Hex       26%        N/A       16%         3

Your spell library contained the following spells:

 Spells                   Type           Power      Damage    Failure   Level
 Fulminant Prism          Conj/Hex       6%         3d7       45%         4
 Iskenderun's Mystic Bla  Conj/Tloc      13%        2d5       45%         4


Dungeon Overview and Level Annotations

Branches:
Dungeon (7/15)             Temple (1/1) D:5

Altars:
Ashenzari
Cheibriados
Dithmenos
Kikubaaqudgha
Nemelex Xobeh
Okawaru
Sif Muna
Vehumet
Wu Jian
Xom
Yredelemnul

Shops:
D:4 !


Innate Abilities, Weirdness & Mutations

You are very small and have problems with some larger weapons.
You are too small for most types of armour.
You have supernaturally acute eyesight. (SInv)
You cover ground extremely quickly. (Speed+++)


Message History

You slide downwards.
The hatch slams shut behind you.
Found a stone staircase leading down.
The shadow imp shouts!
The hound barks!
The hound barely misses you.
There is a stone staircase leading down here.
The hound bites you but does no damage.
You climb downwards.
There is a stone staircase leading up here.
Casting: Searing Ray (safe; 3% risk of failure)
Confirm with . or Enter, or press ? or * to list all spells.
Aiming: Searing Ray (safe; 3% risk of failure)
Press: ? - help, Shift-Dir - straight line, f - hound
Aim: a hound (69% to hit)
The searing ray hits the hound.
The hound is moderately wounded. (Press . to maintain the ray.)
The hound bites you.
* * * LOW HITPOINT WARNING * * *
The hound misses you.
The searing ray hits the hound.
The hound is heavily wounded.
The hound bites you.
* * * LOW HITPOINT WARNING * * *
The searing ray misses the hound.
The hound misses you. The hound closely misses you.
The searing ray hits the hound.
The hound is severely wounded.
You finish channelling your searing ray.
The hound bites you but does no damage. The hound misses you.
The hound barely misses you.
Casting: Searing Ray (safe; 3% risk of failure)
Confirm with . or Enter, or press ? or * to list all spells.
Aiming: Searing Ray (safe; 3% risk of failure)
Press: ? - help, Shift-Dir - straight line, f/p - hound
Aim: a hound (severely wounded, 69% to hit)
The searing ray hits the hound.
The hound is severely wounded. (Press . to maintain the ray.)
The hound bites you.
You die...

###
#@#
#h#
#.#
#.#
#..
###


You could see a hound.

Vanquished Creatures
  A scorpion (D:5)
  An orc priest (D:4)
  An iguana (D:4)
  An orc wizard (D:4)
  5 adders
  A worm (D:2)
  3 dart slugs
  4 orcs
  13 endoplasms
  2 giant cockroaches
  2 goblins
  5 hobgoblins
  2 jackals (D:4)
  7 ball pythons
  6 bats
  9 frilled lizards
  5 kobolds
  2 rats (D:1)
70 creatures vanquished.

Notes
Turn   | Place    | Note
-------+----------+-------------------------------------------
     0 | D:1      | SmokeWeed the Spriggan Conjurer began the quest for the
                  | Orb.
     0 | D:1      | Reached XP level 1. HP: 9/9 MP: 5/5
   159 | D:1      | You fall into a shaft and drop 1 floor!
   300 | D:3      | Found a faded altar of an unknown god.
   566 | D:2      | Reached XP level 2. HP: 13/13 MP: 0/6
   578 | D:2      | Learned a level 2 spell: Searing Ray
   988 | D:2      | Reached skill level 3 in Spellcasting
  1596 | D:1      | Reached XP level 3. HP: 16/16 MP: 2/8
  2584 | D:3      | Identified the +2 robe of the Good {rF- rCorr Dex+4 SInv}
  3085 | D:3      | Reached XP level 4. HP: 21/21 MP: 7/10
  3128 | D:3      | Identified the +2 cloak of Hecreb {Stlth+}
  3296 | D:3      | Found a sparkling altar of Nemelex Xobeh.
  3613 | D:4      | Reached skill level 4 in Spellcasting
  3763 | D:4      | Learned a level 3 spell: Dazzling Flash
  3775 | D:4      | Found Giph's Distillery.
  3885 | D:4      | Found a basalt altar of Yredelemnul.
  4124 | D:5      | Entered Level 5 of the Dungeon
  4139 | D:4      | Reached XP level 5. HP: 12/24 MP: 1/12
  4282 | D:5      | Noticed a black bear
  4340 | D:5      | Noticed a phantom
  4436 | D:5      | Found a staircase to the Ecumenical Temple.
  4445 | Temple   | Entered the Ecumenical Temple
  4456 | Temple   | Became a worshipper of Dithmenos the Shadowed
  4473 | D:5      | Reached skill level 5 in Spellcasting
  4522 | D:7      | Slain by a hound

Illustrated notes

Levels and vault maps discovered:
D:1:      kennysheep_arrival_seaside, layout_basic
D:2:      layout_basic
D:3:      layout_basic, nemelex_dance_club_becter,
          hellmonk_ecumenical_altar_lost_god
D:4:      layout_rooms, yredelemnul_altar_generic, serial_shops,
          nicolae_shop_tiny_glass
D:5:      layout_cave_pools, nicolae_ru_the_path_less_chosen,
          mainiacjoe_overflow_24_doors, mainiacjoe_overflow_boulevard,
          minmay_temple_entry_sparse_star, hangedman_abyss_or_decor_slice,
          hangedman_abyss_or_decor_stagger
D:6:      layout_loops_ring, pdpol_temple_overflow_zin_treasury_gozag_greed,
          st_stairs_9, uniq_eustachio, uniq_crazy_yiuf_cottage,
          uniq_prince_ribbit1
D:7:      layout_basic, nicolae_overflow_crystal_walls,
          mainiacjoe_overflow_chevrons, nicolae_shop_i_like_small_books_too,
          minivault_5
Temple:   dpeg_three_leaves_temple

Skill      XL: |  1  2  3  4  5 |
---------------+----------------+-----
Conjurations   | 3 4 |  4.2
Spellcasting   | 3 4 5 |  5.1
Dodging        | 3 |  3.5
Fighting       | |  0.1
Stealth        | |  3.7

Action                     |  1- 3 |  4- 6 || total
---------------------------+-------+-------++-------
  Melee: Dagger            |     2 |     1 ||     3
   Cast: Magic Dart        |   121 |    38 ||   159
         Searing Ray       |     1 |    10 ||    11
 Armour: Robe              |     4 |    16 ||    20
  Dodge: Dodged            |     6 |    22 ||    28

Table legend: (Time is in decaauts)
 A = Elapsed time spent in this place.
 B = Non-inter-level travel time spent in this place.
 C = Inter-level travel time spent in this place.
 D = Time resting spent in this place.
 E = Time spent auto-exploring this place.
 F = Levels seen in this place.
 G = Mean time per level.
                   A        B        C        D        E       F      G
               +--------+--------+--------+--------+--------+-----+--------+
         Total |   3387 |   3386 |      1 |    321 |   2223 |   8 |  423.4 |
       Dungeon |   3372 |   3371 |      1 |    321 |   2223 |   7 |  481.7 |
        Temple |     14 |     14 |      0 |      0 |      0 |   1 |   14.0 |
               +--------+--------+--------+--------+--------+-----+--------+

Top non-repeatable levels by time:
     D:2: 1011 daAuts
     D:3: 849 daAuts
     D:1: 830 daAuts
     D:4: 615 daAuts
     D:5: 53 daAuts
  Temple: 14 daAuts
     D:6: 8 daAuts
     D:7: 5 daAuts
